 Dungeon Crawl Stone Soup version 0.18-a0-1435-gee79d65 (webtiles) character file.

4370 namelastname112 the Martial Artist (level 10, -4/111 HPs)
             Began as a Green Draconian Monk on Feb 28, 2016.
             Was a Believer of Cheibriados.
             Killed by the air
             ... invoked by Gastronok
              (40 damage)
             ... on level 8 of the Dungeon.
             The game lasted 00:14:24 (8728 turns).

namelastname112 the Martial Artist (DrMo)           Turns: 8728, Time: 00:14:24

Health: -4/111     AC: 25    Str: 15    XL:     10   Next: 13%
Magic:  19/19      EV:  2    Int: 15    God:    Cheibriados [**....]
Gold:   387        SH:  0    Dex: 22    Spells: 0 memorised, 9 levels left

rFire  . . .     SeeInvis .       - Unarmed
rCold  . . .     Gourm    .     (armour unavailable)
rNeg   + + +     Faith    .     (no shield)
rPois  +         Spirit   .     (helmet currently unavailable)
rElec  .         Dismiss  .     (cloak currently unavailable)
rCorr  .         Reflect  .     (gloves currently unavailable)
SustAt .         Harm     +     (boots currently unavailable)
MR     .....     NoTele   +     m - amulet of harm
Stlth  +++.......               (no ring)
                                o - ring of magical power

@: tree-form, slowed, very slow, not resistant to hostile enchantments, fairly
stealthy
A: (breathe noxious fumes), unfitting armour, (claws 0), (stinger 0), blink,
deterioration 1, frail 1, (poison resistance), screaming 1, weak 2,
(cold-blooded), AC +7
a: Blink, Bend Time, Renounce Religion


You were on level 8 of the Dungeon.
You worshipped Cheibriados.
Cheibriados was pleased with you.
You were not hungry.
You were a tree.
You visited 2 branches of the dungeon, and saw 9 of its levels.
You also visited: Sewer.

You collected 387 gold pieces.

Inventory:

Missiles
 I - a throwing net (quivered)
Jewellery
 m - an amulet of harm (around neck)
 o - a ring of magical power (left branch)
Wands
 r - a wand of slowing (6/48)
 J - a wand of teleportation (2/9)
Scrolls
 b - 5 scrolls of recharging {unknown}
 c - a scroll of identify
 d - 2 scrolls of fear {unknown}
 f - 2 scrolls of enchant armour {unknown}
 i - a scroll of random uselessness {unknown}
 j - 4 scrolls of noise {unknown}
 l - a scroll of blinking {unknown}
 p - a scroll of magic mapping {unknown}
 q - 2 scrolls of immolation {unknown}
 t - a scroll of teleportation {unknown}
 u - 3 scrolls of enchant weapon {unknown}
 y - 2 scrolls of amnesia {unknown}
 E - a scroll of remove curse {unknown}
Potions
 e - 6 potions of curing
 g - 5 potions of invisibility
 s - 2 potions of cancellation
 w - 4 potions of agility
 x - 4 potions of brilliance
 z - a potion of heal wounds
 A - 2 potions of might
 C - 4 potions of flight
 D - a potion of resistance
 H - a potion of lignification
Comestibles
 a - 8 bread rations
 h - 5 meat rations
 k - a slice of pizza
 n - a chunk of flesh
 v - 5 fruits
 F - 7 beef jerkies


   Skills:
 + Level 6.0 Fighting
 + Level 5.0 Dodging
 - Level 1.7 Stealth
 + Level 13.3 Unarmed Combat


You had 9 spell levels left.
You didn't know any spells.

Dungeon Overview and Level Annotations

Branches:
Dungeon (8/15)             Temple (1/1) D:7
   Lair: D:8-11

Altars:
Cheibriados
Dithmenos
Nemelex Xobeh
Pakellas
Ru
Vehumet
Xom
Yredelemnul
Zin

Annotations:
D:8 Gastronok


Innate Abilities, Weirdness & Mutations

((You can breathe blasts of noxious fumes.))
((Your lurid green scales are hard (AC +7).))
Your body does not fit into most forms of armour.
((Your system is resistant to poisons.))
((You are cold-blooded and may be slowed by cold attacks.))
((You have sharp fingernails.))
((Your tail ends in a poisonous barb.))
You can translocate small distances at will.
Your body sometimes deteriorates upon taking damage.
You are frail (-10% HP).
You occasionally shout uncontrollably at your foes.
You are very weak. (Str -4)


Message History

You pummel Gastronok!!
Gastronok is lightly wounded.
You pummel Gastronok!!
Gastronok is moderately wounded.
You smack Gastronok!
Gastronok is moderately wounded.
Gastronok looks at you while chanting.
You feel yourself slow down.
You hit Gastronok.
Gastronok is moderately wounded.
You smack Gastronok!
Gastronok is heavily wounded.
Gastronok bites you!
You hit Gastronok.
Gastronok is heavily wounded.
You pummel Gastronok!!
Gastronok is severely wounded.
Gastronok waves his eye-stalks in wide circles.
The air twists around and strikes you!
You die...

......#.# #.....#.# .......
####.....#.# .......
........... . .....
..........
..#...###(........## .
#.#.....w.......w..#..
.......§.##.....♣#.#.# #
.........##........#.#.#..
......#####.###......#.#.#
...............))........
#####.......#.)........###
####........#.##..........#.
.......................#....
...............##.....$#....
............................


You could see Gastronok.

Vanquished Creatures
  Joseph (D:7)
  Sigmund (D:6)
  A hippogriff (D:6)
  Edmund (D:6)
  Duvessa (D:4)
  An ice beast (D:6)
  4 sky beasts
  2 orc warriors (D:6)
  A phantom (D:5)
  4 ogres
  4 centaurs
  4 big kobolds
  3 giant frogs
  Dowan (D:4)
  2 scorpions
  5 wights (D:6)
  3 crimson imps
  2 centaur zombies
  A hound (D:6)
  A quasit (D:8)
  A giant frog skeleton (D:4)
  6 orc priests
  10 orc wizards
  6 worker ants
  A hound skeleton (D:7)
  A worker ant zombie (D:6)
  Robin (D:4)
  6 gnolls
  12 adders
  5 river rats
  3 oozes (D:2)
  2 adder zombies
  An adder skeleton (D:6)
  2 worms
  3 dart slugs
  4 giant geckos
  40 orcs
  9 giant cockroaches
  18 goblins
  8 hobgoblins
  13 jackals
  3 quokkas
  8 ball pythons
  6 bats
  A giant cockroach zombie (D:5)
  A giant gecko skeleton (D:3)
  4 giant newts
  A jackal skeleton (D:4)
  26 kobolds
  2 quokka zombies
  28 rats
275 creatures vanquished.

Vanquished Creatures (others)
  A hound zombie (D:7)
1 creature vanquished.

Grand Total: 276 creatures vanquished

Notes
Turn   | Place    | Note
--------------------------------------------------------------
     0 | D:1      | namelastname112 the Draconian Monk began the quest for the Orb.
     0 | D:1      | Reached XP level 1. HP: 19/19 MP: 1/1
   105 | D:1      | Reached XP level 2. HP: 23/26 MP: 2/2
   447 | D:1      | Reached skill level 5 in Unarmed Combat
   447 | D:1      | Reached XP level 3. HP: 26/31 MP: 3/3
  1149 | D:2      | Reached XP level 4. HP: 13/38 MP: 4/4
  1414 | D:2      | Found a shadowy altar of Dithmenos.
  1639 | D:2      | Reached skill level 6 in Unarmed Combat
  1963 | D:2      | Reached XP level 5. HP: 7/45 MP: 5/5
  2625 | D:3      | Noticed an orc warrior
  3598 | D:4      | Noticed Dowan
  3599 | D:4      | Noticed Duvessa
  3617 | D:4      | Killed Duvessa
  3617 | D:4      | Reached skill level 7 in Unarmed Combat
  3617 | D:4      | Reached XP level 6. HP: 15/51 MP: 6/6
  3639 | D:4      | Killed Dowan
  3672 | D:4      | Found a sacrificial altar of Ru.
  3782 | D:4      | Reached skill level 8 in Unarmed Combat
  3825 | D:4      | Noticed Robin
  3865 | D:4      | Killed Robin
  3891 | D:4      | Your scales start taking on a lurid green colour.
  3891 | D:4      | Reached XP level 7. HP: 13/57 MP: 7/7
  3891 | D:4      | Gained mutation: Your system is resistant to poisons. [Green Draconian growth]
  3912 | D:4      | Found a glowing drain.
  3929 | Sewer    | Entered a sewer
  4245 | Sewer    | Reached skill level 9 in Unarmed Combat
  4735 | D:4      | Reached skill level 10 in Unarmed Combat
  4795 | D:4      | Reached XP level 8. HP: 47/63 MP: 8/8
  5087 | D:5      | Entered Level 5 of the Dungeon
  5281 | D:5      | Reached skill level 11 in Unarmed Combat
  5488 | D:5      | Gained mutation: You can translocate small distances at will. [mutagenic meat]
  5489 | D:5      | Gained mutation: You are weak. (Str -2) [mutagenic meat]
  5490 | D:5      | Gained mutation: You occasionally shout uncontrollably at your foes. [mutagenic meat]
  6087 | D:6      | Noticed Sigmund
  6099 | D:6      | Killed Sigmund
  6099 | D:6      | Reached skill level 12 in Unarmed Combat
  6152 | D:6      | Reached XP level 9. HP: 42/70 MP: 9/9
  6738 | D:6      | Noticed Edmund
  6745 | D:6      | Killed Edmund
  7187 | D:7      | Found a basalt altar of Yredelemnul.
  7206 | D:7      | Noticed Joseph
  7443 | D:7      | Reached skill level 13 in Unarmed Combat
  7466 | D:7      | Found an oddly glowing altar of Pakellas.
  7554 | D:7      | Reached skill level 5 in Fighting
  7778 | D:7      | Killed Joseph
  7786 | D:7      | Found a staircase to the Ecumenical Temple.
  7829 | Temple   | Entered the Ecumenical Temple
  7880 | Temple   | Became a worshipper of Cheibriados the Contemplative
  7880 | Temple   | Reached * piety under Cheibriados
  7880 | Temple   | Reached ** piety under Cheibriados
  7989 | D:8      | Reached XP level 10. HP: 67/83 MP: 10/10
  8042 | D:8      | Noticed Gastronok
  8454 | D:8      | Gained mutation: Your body sometimes deteriorates upon taking damage. [mutagenic meat]
  8535 | D:8      | Reached skill level 5 in Dodging
  8540 | D:8      | Gained mutation: You are very weak. (Str -4) [mutagenic meat]
  8541 | D:8      | Gained mutation: You have sharp fingernails. [mutagenic meat]
  8542 | D:8      | Gained mutation: Your tail ends in a poisonous barb. [mutagenic meat]
  8544 | D:8      | Gained mutation: You are frail (-10% HP). [mutagenic meat]
  8728 | D:8      | Killed from afar by Gastronok

Vault maps used:
D:1:      dpeg_arrival_prison, dk_noncrumbling_3, minmay_stone_trees_small
D:2:      nicolae_overflow_crystal_walls, hangedman_glass_teeth
D:4:      portal_sewer_entry_c, nicolae_ru_awakened_eye, uniq_robin,
          uniq_duvessa
D:5:      first_bread, minmay_misc_feat_hallway, serial_bayou_ford_a,
          hangedman_decor_opposing
D:6:      uniq_edmund, uniq_sigmund
D:7:      overflow_temple_1_default, minmay_temple_entry_purple_smoke,
          serial_corexii_hall, corexii_hall_statues_x, corexii_hall_statues_s,
          grunt_ogre_cave, kennysheep_another_room, grunt_pakellas_mercury,
          uniq_joseph
D:8:      grunt_temple_overflow_open, grunt_qazlal_clouds, dpeg_lair_monsters,
          uniq_gastronok
Temple:   bh_familiar_temple
Sewer:    sewer_minmay_treatment

Skill      XL: |  1  2  3  4  5  6  7  8  9 10 |
---------------+-------------------------------+-----
Unarmed Combat | 5 6 7 8 10 12 13 | 13.3
Dodging        | 4 5 |  5.0
Fighting       | 5 6 |  6.0
Stealth        | |  1.7

Action                   |  1- 3 |  4- 6 |  7- 9 | 10-12 || total
-------------------------+-------+-------+-------+-------++-------
Melee: Unarmed           |   125 |   214 |   540 |    44 ||   923
 Abil: Breathe Noxious F |       |       |    11 |     2 ||    13
Evoke: Wand              |       |     9 |       |       ||     9
  Use: Potion            |       |     4 |     2 |     1 ||     7
       Scroll            |       |       |       |     9 ||     9
 Stab: Sleeping          |     3 |     4 |     5 |       ||    12
       Distracted        |       |     1 |       |       ||     1
       Confused          |       |       |    10 |       ||    10
  Eat: Chunk             |     1 |     8 |    18 |    11 ||    38
